 Dungeon Crawl Stone Soup version 0.28.0-53-g5a82cb258f (webtiles) character file.

Game seed: 12980294260097880438

585 Peloso the Slasher (level 7, -2/62 HPs)
             Began as a Minotaur Fighter on Aug 6, 2022.
             Slain by a gnoll sergeant
             ... wielding a +0 spear
              (8 damage)
             ... on level 5 of the Dungeon.
             The game lasted 00:07:30 (3474 turns).

Peloso the Slasher (Minotaur Fighter)               Turns: 3474, Time: 00:07:32

Health: -2/62      AC: 10    Str: 21    XL:     7   Next: 15%
Magic:  6/6        EV:  8    Int:  5    God:
Gold:   72         SH:  5    Dex: 11    Spells: 6/6 levels left

rFire   . . .      SeeInvis .   a - +0 long sword
rCold   . . .      Faith    .   c - +0 buckler
rNeg    . . .      Spirit   .   f - +0 chain mail
rPois   .          Reflect  .   (helmet restricted)
rElec   .          Harm     .   (no cloak)
rCorr   .          Rampage  .   (no gloves)
Will    .....                   (no boots)
Stlth   ..........              (no amulet)
HPRegen 0.20/turn               (no ring)
MPRegen 0.10/turn               (no ring)

@: no status effects
A: horns 2, retaliatory headbutt
a: no special abilities


You were on level 5 of the Dungeon.
You visited 1 branch of the dungeon, and saw 5 of its levels.

You collected 96 gold pieces.
You spent 24 gold pieces at shops.

Inventory:

Hand Weapons
 a - a +0 long sword (weapon)
Missiles
 o - a throwing net (quivered)
Armour
 b - a +0 scale mail
 c - a +0 buckler (worn)
 f - a +0 chain mail (worn)
Jewellery
 m - a ring of positive energy
Scrolls
 g - a scroll of holy word
 k - a scroll of identify
 l - 2 scrolls of teleportation
Potions
 d - a potion of might
 e - 2 potions of mutation
 h - a potion of curing
 i - a potion of invisibility
 j - a potion of cancellation
 n - a potion of haste
 p - a potion of magic {unknown}
 q - a potion of ambrosia {unknown}


   Skills:
 + Level 5.7 Fighting
 + Level 6.3 Long Blades
 + Level 5.5 Armour
 + Level 1.5 Dodging
 + Level 0.1 Stealth
 + Level 4.6 Shields


You had 6 spell levels left.
You didn't know any spells.
Your spell library contained the following spells:

 Spells                   Type           Power      Damage    Failure   Level
 Animate Skeleton         Necr           0%         N/A       99%         1
 Apportation              Tloc           0%         N/A       99%         1
 Summon Small Mammal      Summ           0%         N/A       99%         1
 Stone Arrow              Conj/Erth      0%         3d7       100%        3
 Animate Armour           Summ/Erth      0%         N/A       100%        4
 Lehudib's Crystal Spear  Conj/Erth      0%         10d2      100%        8


Dungeon Overview and Level Annotations

Branches:
Dungeon (5/15)
 Temple: D:4-7

Altars:

Shops:
D:1 *

Annotations:
D:4 Dowan, Duvessa


Innate Abilities, Weirdness & Mutations

You have a pair of horns on your head.
You reflexively headbutt those who attack you in melee.


Message History

You feel better. You block the gnoll's attack.
The gnoll sergeant hits you from afar with a +0 spear.
You hit the gnoll.
The gnoll is heavily wounded.
The gnoll hits you with a +0 flail.
* * * LOW HITPOINT WARNING * * *
The gnoll sergeant hits you from afar with a +0 spear.
* * * LOW HITPOINT WARNING * * *
You block the gnoll's attack.
You barely miss the gnoll.
The gnoll is heavily wounded.
The gnoll sergeant barely misses you. You block the gnoll's attack.
Unknown command.
You barely miss the gnoll.
The gnoll is heavily wounded.
The gnoll sergeant hits you from afar with a +0 spear.
* * * LOW HITPOINT WARNING * * *
The gnoll closely misses you.
Unknown command.
You slash the gnoll!
You kill the gnoll!
The gnoll sergeant hits you from afar with a +0 spear.
* * * LOW HITPOINT WARNING * * *
Unknown command.
You feel better.
The gnoll sergeant hits you but does no damage.
You slash the gnoll sergeant!
The gnoll sergeant is heavily wounded.
The gnoll sergeant barely misses you.
You hit the gnoll sergeant.
The gnoll sergeant is severely wounded.
The gnoll sergeant hits you with a +0 spear.
* * * LOW HITPOINT WARNING * * *
You barely miss the gnoll sergeant.
You headbutt the gnoll sergeant, but do no damage.
The gnoll sergeant is severely wounded.
The gnoll sergeant hits you with a +0 spear.
* * * LOW HITPOINT WARNING * * *
The gnoll sergeant hits you with a +0 spear!
You die...

##############
######....).......#
#........##.......###
#........##.........#
#........##...[.....#
###....######.##....#
####....## #@##....#
#........# #g##....#
#.#......# #g##....#
#.#......# ....s.....
#.#......#
.............
#.#......#
#...........##
#.#......#
#..........(#
#.#......#
#..>........+
#.#......# #.........


You could see a gnoll sergeant and a gnoll.

Vanquished Creatures
  Pargi (D:3)
  An ice beast (D:5)
  A sky beast (D:5)
  A centaur (D:5)
  A scorpion (D:5)
  5 gnolls
  2 adders (D:2)
  3 dart slugs
  4 worms (D:2)
  4 orcs
  7 endoplasms
  4 giant cockroaches
  8 goblins
  4 hobgoblins
  4 quokkas
  9 ball pythons
  8 bats
  A frilled lizard (D:1)
  7 kobolds
  16 rats
91 creatures vanquished.

Notes
Turn   | Place    | Note
-------+----------+-------------------------------------------
     0 | D:1      | Peloso the Minotaur Fighter began the quest for the Orb.
     0 | D:1      | Reached XP level 1. HP: 19/19 MP: 0/0
   105 | D:1      | Reached XP level 2. HP: 23/27 MP: 1/1
   225 | D:1      | Found Pirek's Assorted Antiques.
   595 | D:1      | Reached skill level 3 in Long Blades
   612 | D:1      | Reached XP level 3. HP: 32/33 MP: 2/2
   819 | D:1      | Found a faded altar of an unknown god.
  1029 | D:1      | Bought a murky cyan potion for 24 gold pieces
  1947 | D:2      | Reached XP level 4. HP: 41/41 MP: 3/3
  2491 | D:3      | Reached skill level 4 in Long Blades
  2740 | D:3      | Reached XP level 5. HP: 45/47 MP: 4/4
  3045 | D:4      | Noticed an orc warrior
  3108 | D:4      | Noticed Pargi
  3108 | D:4      | Noticed Dowan
  3109 | D:4      | Noticed Duvessa
  3132 | D:3      | Killed Pargi
  3133 | D:3      | Reached skill level 5 in Fighting
  3133 | D:3      | Reached skill level 5 in Long Blades
  3343 | D:5      | Entered Level 5 of the Dungeon
  3374 | D:5      | Noticed a sky beast
  3382 | D:5      | Killed a sky beast
  3383 | D:5      | Reached skill level 5 in Armour
  3383 | D:5      | Reached skill level 1 in Dodging
  3383 | D:5      | Reached XP level 6. HP: 56/56 MP: 5/5
  3391 | D:5      | Noticed an ice beast
  3414 | D:5      | Killed an ice beast
  3415 | D:5      | Reached skill level 6 in Long Blades
  3463 | D:5      | Reached XP level 7. HP: 13/62 MP: 6/6
  3474 | D:5      | Slain by a gnoll sergeant

Illustrated notes

Levels and vault maps discovered:
D:1:      minmay_arrival_plants_in_alcoves, layout_basic,
          basic_ecumenical_altar, serial_shops, shop_statue,
          minmay_rat_gold_closets
D:2:      minmay_razor_zed, layout_basic
D:3:      layout_basic, chequers_serial_rivers_micro_a
D:4:      layout_rooms, hex_large, minivault_11, minmay_vboxes, uniq_pargi,
          uniq_duvessa
D:5:      layout_basic

Skill      XL: |  1  2  3  4  5  6 |
---------------+-------------------+-----
Armour         | 4 5 |  5.5
Fighting       | 4 5 |  5.7
Long Blades    | 3 4 5 6 |  6.3
Shields        | 4 |  4.6
Dodging        | 1 |  1.5
Stealth        | |  0.1

Action                   |  1- 3 |  4- 6 |  7- 9 || total
-------------------------+-------+-------+-------++-------
Melee: Long sword        |    98 |    97 |     7 ||   202
       Headbutt          |     9 |    21 |     1 ||    31
  Use: Potion            |     2 |       |     2 ||     4
       Scroll            |     1 |     6 |       ||     7
Armor: Scale mail        |    27 |       |       ||    27
       Chain mail        |    31 |    80 |     1 ||   112
Dodge: Dodged            |    43 |    49 |     3 ||    95
Block: Buckler           |    16 |    25 |     3 ||    44
